 Dungeon Crawl Stone Soup version 0.19.5 (webtiles) character file.

3787 tognito the Cleaver (level 9, 0/86 HPs)
             Began as a Minotaur Berserker on Apr 4, 2017.
             Was an Elder of Trog.
             Slain by a killer bee (6 damage)
             ... on level 9 of the Dungeon.
             The game lasted 00:19:55 (7688 turns).

tognito the Cleaver (Minotaur Berserker)            Turns: 7688, Time: 00:19:56

Health: 0/86       AC: 12    Str: 24    XL:     9   Next: 95%
Magic:  7/7        EV:  9    Int:  4    God:    Trog [****..]
Gold:   345        SH:  0    Dex: 11    Spells: 0 memorised, 8 levels left

rFire  . . .     SeeInvis .     a - +1 hand axe (chop)
rCold  . . .     Gourm    .     q - +0 plate armour
rNeg   + . .     Faith    .     (no shield)
rPois  .         Spirit   .     (helmet restricted)
rElec  .         Reflect  .     l - +2 cloak
rCorr  .         Harm     .     o - +0 pair of gloves
MR     .....                    (no boots)
Stlth  ..........               (no amulet)
                                i - ring of flight
                                v - ring of positive energy

@: exhausted, slowed, very slow
A: retaliatory headbutt, horns 2, deformed body, low mp 1, no device heal 1
a: Berserk, Trog's Hand, Brothers in Arms, Burn Spellbooks, Renounce Religion,
Evoke Flight


You were on level 9 of the Dungeon.
You worshipped Trog.
Trog was greatly pleased with you.
You were hungry.

You visited 1 branch of the dungeon, and saw 10 of its levels.

You collected 387 gold pieces.
You spent 42 gold pieces at shops.

Inventory:

Hand Weapons
 a - a +1 hand axe of chopping (weapon)
 b - a +3 shortbow
 K - a +0 battleaxe
Missiles
 p - 84 arrows
 E - 24 bolts
Armour
 l - a +2 cloak (worn)
 o - a +0 pair of gloves (worn)
 q - a +0 plate armour (worn)
Jewellery
 f - an uncursed ring of magical power
 i - a ring of flight (right hand)
 v - a ring of positive energy (left hand)
Wands
 r - a wand of lightning (6/15)
 s - a wand of hasting (6/9)
 t - a wand of acid (5/15)
 H - a wand of disintegration (11/24)
Scrolls
 d - a scroll of recharging
 e - 2 scrolls of teleportation
 h - 3 scrolls of remove curse
 j - 5 scrolls of identify
 u - a scroll of enchant armour {unknown}
 w - 2 scrolls of fog
 x - 4 scrolls of magic mapping
 y - a scroll of amnesia {unknown}
 z - a scroll of enchant weapon {unknown}
 A - a scroll of fear
 F - a scroll of blinking
Potions
 g - a potion of brilliance
 k - 3 potions of flight
 C - a potion of haste
 D - 2 potions of ambrosia
 G - a potion of heal wounds {unknown}
Comestibles
 c - 5 bread rations
 m - 4 meat rations
 n - a beef jerky
 I - 3 chunks of flesh
 J - 3 fruits


   Skills:
 * Level 10.5 Fighting
 * Level 10.6 Axes
 + Level 7.2 Armour
 + Level 6.5 Dodging


You had 8 spell levels left.
You didn't know any spells.

Dungeon Overview and Level Annotations

Branches:
Dungeon (10/15)            Temple (0/1) D:7
   Lair: D:8-11         Orc: D:9-12

Altars:
Dithmenos
Nemelex Xobeh
Ru
Sif Muna
Yredelemnul
Zin

Shops:
D:4 ?   D:9 [

Annotations:
D:6 Prince Ribbit


Innate Abilities, Weirdness & Mutations

You reflexively headbutt those who attack you in melee.
You have a pair of horns on your head.
Armour fits poorly on your strangely shaped body.
Your magical capacity is low. (-10% MP)
Potions and wands are less effective at restoring your health.


Message History

You are no longer berserk.
You are exhausted.
You feel yourself slow down.
The meliai drinks a potion.
The meliai seems to speed up.
There is a stone staircase leading down here.
You can't go up here!
The meliai mumbles some strange prayers to its god against you.
Something smites you!
* * * LOW HITPOINT WARNING * * *
The meliai hits you but does no damage. The meliai stings you.
* * * LOW HITPOINT WARNING * * *
You climb downwards. 3 killer bees, a scorpion and a skeleton come into view.
The killer bee buzzes angrily. x3
Found 19 stones and 18 arrows.
There is a stone staircase leading up here.
Okay, then.
Your system partially rejects the healing.
You feel better. The killer bee stings you.
You die...

#####.# ##.##
......# ####.#
## ## #######
##..... .## ...
......$...##...
.......#(.#....
#..#Z..#.....
#..........
#....yy..#
#..s..y@.#
..##...### #...
#.... #....
#.... #....
.....


You could see a scorpion, 3 killer bees and a centaur skeleton.

Vanquished Creatures
  A hill giant (D:8)
  A hippogriff (D:7)
  Sigmund (D:3)
  A wyvern (D:7)
  2 ice beasts
  An orc warrior (D:8)
  A black bear (D:7)
  2 sky beasts
  A phantom (D:4)
  3 centaurs
  4 ogres
  A crocodile (D:7)
  4 bullfrogs
  A scorpion (D:6)
  A water moccasin skeleton (D:5)
  5 wights (D:7)
  A howler monkey (D:6)
  A crimson imp (D:5)
  4 jellies
  A centaur skeleton (D:5)
  A hound (D:4)
  Crazy Yiuf (D:3)
  A bullfrog skeleton (D:10)
  3 orc priests
  3 orc wizards
  Terence (D:3)
  3 iguanas
  6 worker ants
  5 gnolls
  A howler monkey skeleton (D:5)
  10 adders
  A shadow imp (D:6)
  An ooze (D:6)
  An adder skeleton (D:6)
  9 worms
  A dart slug (D:3)
  2 leopard geckos
  14 orcs
  3 giant cockroaches
  2 gnoll zombies (D:7)
  9 goblins
  7 hobgoblins
  2 jackals (D:7)
  4 quokkas
  A ball python (D:2)
  5 bats
  7 frilled lizards
  2 jackal skeletons
  8 kobolds
  A quokka skeleton (D:7)
  A quokka zombie (D:7)
  16 rats
  A fungus (D:3)
  A plant (D:4)
171 creatures vanquished.

Vanquished Creatures (others)
  A plant (D:4)
1 creature vanquished.

Grand Total: 172 creatures vanquished

Notes
Turn   | Place    | Note
-------+----------+-------------------------------------------
     0 | D:1      | tognito the Minotaur Berserker began the quest for the Orb.
     0 | D:1      | Reached XP level 1. HP: 19/19 MP: 0/0
    49 | D:1      | Reached XP level 2. HP: 27/27 MP: 1/1
   343 | D:1      | Reached XP level 3. HP: 21/33 MP: 2/2
   857 | D:2      | Reached ** piety under Trog
  1104 | D:2      | Reached XP level 4. HP: 41/41 MP: 3/3
  1954 | D:3      | Noticed Sigmund
  1967 | D:3      | Killed Sigmund
  1967 | D:3      | Reached skill level 5 in Fighting
  1967 | D:3      | Reached skill level 5 in Axes
  1967 | D:3      | Reached XP level 5. HP: 6/48 MP: 4/4
  2194 | D:3      | Reached XP level 6. HP: 45/56 MP: 5/5
  2291 | D:3      | Noticed Terence
  2296 | D:3      | Killed Terence
  2633 | D:3      | Found a runed door.
  2637 | D:3      | Noticed Crazy Yiuf
  2644 | D:3      | Killed Crazy Yiuf
  2981 | D:4      | Reached XP level 7. HP: 14/63 MP: 6/6
  3484 | D:4      | Found Upluewed's Magic Scroll Shop.
  3489 | D:4      | Bought a scroll of remove curse for 42 gold pieces
  4072 | D:5      | Entered Level 5 of the Dungeon
  4083 | D:5      | Found a deep blue altar of Sif Muna.
  4140 | D:5      | Found a sparkling altar of Nemelex Xobeh.
  4321 | D:5      | Reached skill level 5 in Armour
  4556 | D:5      | Reached *** piety under Trog
  4556 | D:5      | Reached XP level 8. HP: 49/73 MP: 7/7
  4598 | D:5      | Found a glowing silver altar of Zin.
  4983 | D:6      | Gained mutation: Potions and wands are less effective at restoring your health. [potion of mutation]
  4983 | D:6      | Gained mutation: Your magical capacity is low. (-10% MP) [potion of mutation]
  4983 | D:6      | Gained mutation: Armour fits poorly on your strangely shaped body. [potion of mutation]
  5507 | D:6      | Reached skill level 5 in Dodging
  5717 | D:6      | Noticed Prince Ribbit
  5781 | D:7      | Found a shadowy altar of Dithmenos.
  6425 | D:7      | Found a sacrificial altar of Ru.
  6490 | D:7      | Reached XP level 9. HP: 79/82 MP: 7/7
  6547 | D:7      | Reached **** piety under Trog
  6549 | D:7      | Found a basalt altar of Yredelemnul.
  6706 | D:7      | Found a staircase to the Ecumenical Temple.
  7158 | D:7      | You fall through a shaft for 3 floors!
  7158 | D:10     | Entered Level 10 of the Dungeon
  7255 | D:9      | Found Ytiwyu Tuse's Antique Armour Shoppe.
  7305 | D:9      | Reached skill level 10 in Axes
  7597 | D:8      | Reached skill level 10 in Fighting
  7658 | D:8      | Noticed a hill giant
  7665 | D:8      | Killed a hill giant
  7682 | D:8      | Noticed a meliai
  7682 | D:8      | Noticed a meliai
  7686 | D:8      | HP: 3/86 [meliai/divine providence (10)]
  7688 | D:9      | Slain by a killer bee

Skill      XL: |  1  2  3  4  5  6  7  8  9 |
---------------+----------------------------+-----
Axes           | 4 5 6 7 9 10 | 10.6
Fighting       | 4 5 6 7 8 10 | 10.5
Armour         | 3 4 5 6 7 |  7.2
Dodging        | 3 4 5 6 |  6.5

Action                   |  1- 3 |  4- 6 |  7- 9 || total
-------------------------+-------+-------+-------++-------
Melee: Hand axe          |    83 |   128 |   324 ||   535
       Headbutt          |     7 |    26 |    81 ||   114
       War axe           |       |       |     2 ||     2
 Fire: Shortbow          |       |       |    64 ||    64
Invok: Berserk           |       |     1 |     1 ||     2
       Trog's Hand       |       |     1 |       ||     1
       Burn Spellbooks   |       |       |     1 ||     1
  Use: Potion            |     3 |     3 |     6 ||    12
       Scroll            |       |       |    10 ||    10
 Stab: Sleeping          |       |     1 |       ||     1
       Paralysed         |       |       |     2 ||     2
  Eat: Chunk             |       |     8 |    15 ||    23
Armor: Animal skin       |    11 |    12 |       ||    23
       Scale mail        |       |       |    28 ||    28
       Plate armour      |       |       |    77 ||    77
Dodge: Dodged            |    50 |    54 |   110 ||   214
